 Dungeon Crawl Stone Soup version 0.13-a0-3110-gf6e36dc (webtiles) character file.

298 PolkaDot the Ruinous (level 5, -8/33 HPs)
             Began as a Vampire Wizard on Sept 20, 2013.
             Killed by divine providence
             ... invoked by an orc priest
              (12 damage)
             ... on Level 3 of the Dungeon.
             The game lasted 00:06:14 (1844 turns).

PolkaDot the Ruinous (Vampire Wizard)               Turns: 1844, Time: 00:06:15

HP  -8/33        AC  2     Str  6      XL: 5   Next: 47%
MP   6/13        EV 12     Int 21      God:
Gold 100         SH  0     Dex 12      Spells:  3 memorised,  3 levels left

Res.Fire  : . . .   See Invis. : +   n - +2 spear (pierce)
Res.Cold  : . . .   Warding    : .   a - +0 robe
Life Prot.: . . .   Conserve   : .   (no shield)
Res.Poison: .       Res.Corr.  : .   b - +0 wizard hat
Res.Elec. : .       Clarity    : .   (no cloak)
Sust.Abil.: . .     Spirit.Shd : .   (no gloves)
Res.Mut.  : .       Stasis     : .   (no boots)
Res.Rott. : .       Flight     : .   (no amulet)
Saprovore : . . .                    (no ring)
                                     (no ring)

@: regenerating quickly, slightly resistant to hostile enchantments, stealthy
A: fangs 3, see invisible, unbreathing
a: no special abilities


You were on level 3 of the Dungeon.
You were very full.

You visited 1 branch of the dungeon, and saw 3 of its levels.

You collected 80 gold pieces.

Inventory:

Hand weapons
 n - a +2,+2 spear of piercing (weapon)
Armour
 a - a +0 robe (worn)
 b - a +0 wizard hat (worn)
Scrolls
 e - 2 scrolls of remove curse {unknown}
 f - a scroll of enchant armour {unknown}
 h - 4 scrolls of magic mapping {unknown}
 j - a scroll of identify {unknown}
 m - a scroll of enchant weapon II {unknown}
 o - 2 scrolls of teleportation {unknown}
 p - a scroll of fear {unknown}
 q - a scroll of recharging {unknown}
Potions
 d - a potion of blood
 g - a potion of resistance {unknown}
 i - a potion of brilliance {unknown}
 k - 2 potions of heal wounds {unknown}
 l - a potion of paralysis {unknown}
 r - a potion of confusion {unknown}
Books
 c - a book of Minor Magic

   Spells                             Type                      Level
   *Magic Dart                        Conjuration                  1
   Blink                              Translocation                2
   Call Imp                           Summoning                    2
   Repel Missiles                     Charms/Air                   2
   Slow                               Hexes                        2
   *Conjure Flame                     Conjuration/Fire             3
   *Mephitic Cloud                    Conjuration/Poison/Air       3


   Skills:
 - Level 2.1 Dodging
 - Level 3.0 Stealth
 - Level 3.0 Spellcasting
 * Level 4.1 Conjurations
   Level 1.0 Summonings
   Level 0.7 Translocations


You had 3 spell levels left.
You knew the following spells:

 Your Spells              Type           Power        Failure   Level  Hunger
a - Magic Dart            Conj           ###.         2%          1    None
d - Mephitic Cloud        Conj/Pois/Air  #.......     24%         3    ###....
s - Conjure Flame         Conj/Fire      ##......     21%         3    ###....


Dungeon Overview and Level Annotations

Branches:
Dungeon (3/27)

Altars:


Innate Abilities, Weirdness & Mutations

Your natural rate of healing is unusually fast.
You have razor-sharp teeth.*
You have supernaturally acute eyesight.
You can survive without breathing.*


Message History

The orc priest is heavily wounded.
An orc priest comes into view. It is wielding an orcish falchion.
You catch the helpless orc priest completely off-guard!
You hit the orc priest.
You kill the orc priest!
Your Conjurations skill increases to level 4!
The orc hits you with a runed orcish mace.
The orc priest glows brightly for a moment.
You hit the orc.
The orc is severely wounded.
The orc closely misses you. The orc misses you.
You closely miss the orc. You bite the orc, but do no damage.
The orc is severely wounded.
The orc hits you with a runed orcish mace.
* * * LOW HITPOINT WARNING * * *
The orc hits you with an orcish club.
* * * LOW HITPOINT WARNING * * *
The orc priest invokes the aid of Beogh against you.
Something smites you!
You die...

.###########
...o!...o...#
#....o@..#
#....o.$.#
#......o[#
#........#
(.........#
..........#
...#####.# .#
..


You could see an orc priest and 4 orcs.

Vanquished Creatures
  Sigmund (D:2)
  An orc priest (D:3)
  3 gnolls (D:2)
  3 adders (D:2)
  A giant gecko (D:1)
  An orc (D:3)
  A ball python (D:1)
  2 giant cockroaches (D:2)
  4 hobgoblins (D:1)
  3 jackals (D:2)
  3 quokkas
  4 bats
  2 giant newts
  6 goblins
  4 kobolds (D:1)
  6 rats
45 creatures vanquished.

Notes
Turn   | Place    | Note
--------------------------------------------------------------
     0 | D:1      | PolkaDot, the Vampire Wizard, began the quest for the Orb.
     0 | D:1      | Reached XP level 1. HP: 11/11 MP: 6/6
   106 | D:1      | Reached skill level 1 in Conjurations
   260 | D:1      | Reached XP level 2. HP: 17/17 MP: 5/8
   969 | D:2      | Reached XP level 3. HP: 22/22 MP: 1/10
  1305 | D:2      | Learned a level 3 spell: Conjure Flame
  1309 | D:2      | Learned a level 3 spell: Mephitic Cloud
  1350 | D:2      | Noticed Sigmund
  1364 | D:2      | Killed Sigmund
  1364 | D:2      | Reached XP level 4. HP: 28/28 MP: 6/12
  1364 | D:2      | Reached XP level 5. HP: 33/33 MP: 6/13
  1842 | D:3      | Reached skill level 4 in Conjurations
  1844 | D:3      | Killed from afar by an orc priest

Action                   |  1- 3 |  4- 6 || total
-------------------------+-------+-------++-------
Melee: Short sword       |     7 |       ||     7
       Spear             |    12 |    10 ||    22
 Cast: Magic Dart        |    75 |    27 ||   102
       Mephitic Cloud    |     1 |     2 ||     3
 Stab: Confused          |     1 |     1 ||     2
       Sleeping          |     1 |       ||     1
